 Dungeon Crawl Stone Soup version 0.30-a0-1114-gd936c97349 (webtiles) character file.

Game seed: 16867412289007509144

5011 cheesebisquit the Thaumaturge (level 10, -2/77 HPs)
             Began as a Djinni Fire Elementalist on Apr 20, 2023.
             Was a Follower of Makhleb.
             Hit by a large rock thrown by a cyclops (19 damage)
             ... on level 9 of the Dungeon.
             The game lasted 00:26:17 (8515 turns).

cheesebisquit the Thaumaturge (DjFE)                Turns: 8515, Time: 00:26:17

Health: -2/77      AC:  8    Str:  7    XL:     10   Next: 84%
Gold:   569        EV: 12    Int: 22    God:    Makhleb [*.....] SH:  0 Dex: 13

rFire   + + +      SeeInvis +    H - +3 dagger (antimagic)
rCold   x . .      Faith    .    w - orb {mayhem}
rNeg    . . .      Spirit   .    c - +0 steam dragon scales
rPois   ∞          Reflect  .    B - +0 helmet
rElec   .          Rampage  .    o - +0 cloak
rCorr   .                        f - +0 pair of gloves
Will    +....                    (boots unavailable)
Stlth   ++                       (no amulet)
HPRegen 0.32/turn                i - ring of see invisible
MPRegen 0.00/turn                v - ring of protection from fire

@: brilliant, about to teleport, flying
A: sickness immunity, fire resistance 2, cold vulnerability 1, float, innate
caster, HP casting, extra vitality 1
a: Renounce Religion


You were on level 9 of the Dungeon.
You worshipped Makhleb.
Makhleb was aware of your devotion.
You visited 2 branches of the dungeon, and saw 10 of its levels.

You collected 569 gold pieces.

Inventory:

Hand Weapons
 b - a +2 whip of holy wrath
 H - a +3 antimagic dagger (weapon)
Missiles
 j - 5 curare-tipped darts
 G - 3 silver boomerangs
 I - 9 poisoned darts
Armour
 c - +0 steam dragon scales (worn)
 f - a +0 pair of gloves (worn)
 o - a +0 cloak (worn)
 w - an orb of mayhem (worn)
 B - a +0 helmet (worn)
Jewellery
 i - a ring of see invisible (left hand)
 v - a ring of protection from fire (right hand)
 C - a ring of resist corrosion
 D - a +6 ring of dexterity
Wands
 k - a wand of quicksilver (3)
 J - a wand of digging (1)
 K - a wand of flame (8)
Scrolls
 n - a scroll of enchant weapon {unknown}
 p - 4 scrolls of identify
 q - a scroll of poison
 r - a scroll of teleportation
 s - a scroll of blinking {unknown}
 t - 2 scrolls of amnesia {unknown}
 u - a scroll of immolation {unknown}
 x - a scroll of magic mapping {unknown}
 y - 2 scrolls of enchant armour {unknown}
 A - a scroll of torment {unknown}
 E - 2 scrolls of brand weapon {unknown}
 F - a scroll of noise {unknown}
Potions
 a - a potion of brilliance
 d - a potion of attraction
 e - a potion of magic
 h - a potion of haste {unknown}
 l - a potion of mutation {unknown}
 m - 2 potions of invisibility {unknown}
 z - a potion of resistance {unknown}


   Skills:
 + Level 8.7 Fighting
 - Level 2.1 Dodging
 - Level 1.5 Stealth
 + Level 10.0 Spellcasting


You knew the following spells:

 Your Spells              Type           Power      Damage    Failure   Level
a - Foxfire               Conj/Fire      100%       2x1d9     1%          1
b - Ensorcelled Hibernat  Hex/Ice        100%       N/A       1%          2
c - Volatile Blastmotes   Fire/Tloc      100%       2d18      1%          3
d - Inner Flame           Hex/Fire       70%        N/A       1%          3
e - Flame Wave            Conj/Fire      70%        2d16      1%          4
f - Necrotise             Necr           100%       1d9       1%          1
g - Momentum Strike       Conj/Tloc      100%       3d10      1%          2
h - Tukima's Dance        Hex            70%        N/A       1%          3
z - Scorch                Fire           100%       2d9       1%          2
Your spell library was empty.

Dungeon Overview and Level Annotations

Branches:
Dungeon (9/15)             Temple (1/1) D:5            Lair (0/5) D:9
    Orc: D:9-12

Altars:
Cheibriados
Dithmenos
Elyvilon
Fedhas
Gozag
Hepliaklqana
Makhleb
Nemelex Xobeh
Okawaru
Qazlal
Ru
Trog
Uskayaw
Wu Jian
Xom
Yredelemnul
The Shining One


Innate Abilities, Weirdness & Mutations

You are immune to sickness and miasma.
You are immune to poison.
Your flesh is very heat resistant. (rF++)
You are vulnerable to cold. (rC-)
You float through the air rather than walking.
You learn spells naturally, not from books.
Your magical power is your life essence.
You have superior vitality. (+4 MHP)


Message History

The foxfire hits the cyclops.
The cyclops is heavily wounded.
You conjure some foxfire!
The foxfire hits the cyclops.
The cyclops is heavily wounded.
The cyclops throws a large rock.
The large rock hits you!!!
* * * LOW HITPOINT WARNING * * *
You hear a shout!
You feel better.
You hear a howl! x2; You hear a shout!
The foxfire hits the cyclops.
The cyclops is heavily wounded.
The foxfire hits the cyclops.
The cyclops is heavily wounded.
Casting: Foxfire (safe; 1% risk of failure)
Confirm with . or Enter, or press ? or * to list all spells.
Aiming: Ensorcelled Hibernation (safe; 1% risk of failure)
Press: ? - help, Shift-Dir - straight line, f - cyclops
Aim: a cyclops, quivering large rocks (heavily wounded, chance to affect: 54%)
The cyclops resists with significant effort.
* * * LOW HITPOINT WARNING * * *
Okay, then.
Casting: Foxfire (safe; 1% risk of failure)
Press: ? - help, Q - select action, (/) - cycle Dir - look around, f - activate
Okay, then.
It was a potion of brilliance.
You feel clever all of a sudden.
It was a potion of magic.
Magic washes over you without effect.
A cyclops comes into view.
Okay, then.
As you read the scroll labelled LACWAT MELIRR, it crumbles to dust.
It is a scroll of identify.
d - a potion of attraction The air fills with toxic fumes!
As you read the scroll labelled VECWEXZAIPP, it crumbles to dust.
It was a scroll of poison.
As you read the scroll labelled JIEHEA QOM WIF, it crumbles to dust.
You feel strangely unstable.
It was a scroll of teleportation.
The cyclops is engulfed in poison gas.
The cyclops is poisoned.
The cyclops throws a large rock.
The large rock hits you!!
You die...

##########....)...
#§§........)......
#§.##.........###)
#C#.####...#### #.
#§##.. ##### ##.
#§§#.... #.. #§§#
.#.. #.. #§§##(. #
##.. #@§§# .# #..#
##§§§# #..# #§C§§#
#..# #§§§## ##..
#§§§# #.. #§§§# #..
#§§## ##### ##.
#§§# ####...#### #.
#..###.........###.


You could see 2 cyclopes.

Vanquished Creatures
  2 two-headed ogres (D:9)
  An elephant (D:9)
  Grinder (D:4)
  A hornet (D:5)
  Prince Ribbit (D:8)
  2 wyverns
  A yak (D:9)
  A basilisk (D:9)
  2 steam dragons
  4 water moccasins
  A black bear (D:9)
  2 orc warriors
  An ice beast (D:5)
  An ogre (D:5)
  A centaur (D:7)
  A bullfrog (D:9)
  A kobold brigand (D:8)
  A gnoll sergeant (D:9)
  4 hounds
  6 orc priests
  2 jellies
  A gnoll bouda (D:6)
  Ijyb (D:3)
  8 orc wizards
  Robin (D:2)
  7 gnolls
  5 adders
  A shadow imp (D:5)
  2 white imps (D:5)
  A worm (D:2)
  5 dart slugs
  23 orcs
  4 endoplasms
  A giant cockroach (D:4)
  6 hobgoblins
  7 jackals
  12 kobolds
  3 quokkas
  9 ball pythons
  6 bats
  2 frilled lizards
  15 goblins
  3 rats (D:1)
160 creatures vanquished.

Vanquished Creatures (collateral kills)
  An orc wizard (D:9)
  A gnoll (D:6)
  2 orcs (D:8)
  2 foxfires
6 creatures vanquished.

Vanquished Creatures (others)
  372 foxfires
  A fungus (D:9)
  3 plants (D:3)
376 creatures vanquished.

Grand Total: 542 creatures vanquished

Notes
Turn   | Place    | Note
-------+----------+-------------------------------------------
     0 | D:1      | cheesebisquit the Djinni Fire Elementalist began the quest
                  | for the Orb.
     0 | D:1      | cheesebisquit set off with the following spells memorised:
                  | Foxfire, Scorch, Volatile Blastmotes, Inner Flame, Flame
                  | Wave.
     0 | D:1      | Reached XP level 1. HP: 15/15 MP: 0/0
   108 | D:1      | Reached XP level 2. HP: 16/21 MP: 0/0
   200 | D:1      | Reached skill level 3 in Spellcasting
   441 | D:1      | Reached XP level 3. HP: 23/25 MP: 0/0
   441 | D:1      | Learned a level 1 spell: Necrotise
   963 | D:2      | Found a faded altar of an unknown god.
  1000 | D:2      | Reached XP level 4. HP: 29/31 MP: 0/0
  1008 | D:2      | Noticed Robin
  1033 | D:2      | Killed Robin
  1221 | D:2      | Found a hide-covered altar of Uskayaw.
  1248 | D:2      | Reached skill level 4 in Spellcasting
  1546 | D:3      | Found an iron altar of Okawaru.
  1624 | D:3      | Reached XP level 5. HP: 34/35 MP: 0/0
  1624 | D:3      | Learned a level 2 spell: Momentum Strike
  1698 | D:3      | Found an ornate altar of the Wu Jian Council.
  1756 | D:3      | Noticed Ijyb
  1768 | D:3      | Killed Ijyb
  1889 | D:3      | Found a bloodstained altar of Trog.
  2121 | D:3      | Found a shadowy altar of Dithmenos.
  2209 | D:3      | Found an opulent altar of Gozag.
  2210 | D:3      | You are sucked into a shaft and drop 3 floors!
  2226 | D:6      | Noticed a steam dragon
  2238 | D:6      | Killed a steam dragon
  2239 | D:6      | Reached skill level 5 in Spellcasting
  2239 | D:6      | Reached XP level 6. HP: 21/40 MP: 0/0
  2527 | D:5      | Entered Level 5 of the Dungeon
  2539 | D:5      | Reached XP level 7. HP: 39/45 MP: 0/0
  2539 | D:5      | Learned a level 2 spell: Ensorcelled Hibernation
  2806 | D:4      | Noticed Grinder
  2819 | D:4      | Killed Grinder
  2820 | D:4      | Reached skill level 6 in Spellcasting
  3839 | D:5      | Noticed a hornet
  3849 | D:5      | Killed a hornet
  3850 | D:5      | Reached skill level 7 in Spellcasting
  3850 | D:5      | Reached XP level 8. HP: 20/50 MP: 0/0
  4023 | D:5      | Found a white marble altar of Elyvilon.
  4120 | D:5      | Reached skill level 1 in Fighting
  4399 | D:5      | Found a sacrificial altar of Ru.
  4399 | D:5      | Found a blossoming altar of Fedhas.
  4466 | D:5      | Found a staircase to the Ecumenical Temple.
  4475 | Temple   | Entered the Ecumenical Temple
  4482 | Temple   | Became a worshipper of Makhleb the Destroyer
  4759 | D:6      | Found a snail-covered altar of Cheibriados.
  5283 | D:7      | Noticed a wyvern
  5289 | D:7      | Killed a wyvern
  5477 | D:7      | Reached skill level 8 in Spellcasting
  5477 | D:7      | Reached XP level 9. HP: 49/62 MP: 0/0
  5477 | D:7      | Learned a level 3 spell: Tukima's Dance
  5794 | D:7      | Found a basalt altar of Yredelemnul.
  5848 | D:7      | Reached skill level 5 in Fighting
  6150 | D:7      | Found a sparkling altar of Nemelex Xobeh.
  6262 | D:8      | Noticed Prince Ribbit
  6273 | D:8      | Killed Prince Ribbit
  6294 | D:8      | Reached * piety under Makhleb
  6301 | D:8      | HP: 2/66 [orc/+0 morningstar (10)]
  6518 | D:8      | Found a hazy altar of Hepliaklqana.
  6518 | D:8      | Found a glowing golden altar of the Shining One.
  6818 | D:8      | Found a shimmering altar of Xom.
  6935 | D:8      | Found a stormy altar of Qazlal.
  7429 | D:9      | Noticed an elephant
  7464 | D:9      | Reached skill level 9 in Spellcasting
  7464 | D:9      | Reached XP level 10. HP: 42/73 MP: 0/0
  7649 | D:9      | Found a hide-covered altar of Uskayaw.
  7729 | D:9      | Found a staircase to the Lair.
  7849 | D:9      | Killed an elephant
  8187 | D:9      | Noticed a two-headed ogre
  8195 | D:9      | Killed a two-headed ogre
  8344 | D:9      | Noticed a two-headed ogre
  8350 | D:9      | Killed a two-headed ogre
  8351 | D:9      | Reached skill level 10 in Spellcasting
  8501 | D:9      | Noticed a cyclops
  8512 | D:9      | Noticed a cyclops
  8515 | D:9      | Hit by a large rock thrown by a cyclops

Illustrated notes

Levels and vault maps discovered:
D:1:      lightli_arrival_lavapool, layout_loops_ring
D:2:      layout_loops_ring, shapermc_ecumenical_altar_notcrosses, basic_altar,
          uniq_robin
D:3:      layout_rooms, mainiacjoe_overflow_concentric_impassable,
          mainiacjoe_overflow_alcove_2, okawaru_trees_1, lemuel_tele_altar,
          bloody_trog, serial_bayou_lake_a, uniq_ijyb
D:4:      layout_basic, uniq_grinder
D:5:      layout_loops_ring, elyvilon_altar_1,
          gammafunk_temple_overflow_elements, minmay_temple_entry_mist
D:6:      layout_gridville, cheibriados_altar_1, kennysheep_decorative_pillar
D:7:      layout_loops_cross, kennysheep_little_box, yredelemnul_altar_generic
D:8:      layout_loops_cross, mainiacjoe_overflow_tiny_flanked,
          lemuel_doored_altar, mainiacjoe_overflow_large_starburst,
          uniq_prince_ribbit1
D:9:      layout_loops_ring, grunt_temple_overflow_magic_moments,
          mainiacjoe_overflow_24_doors, zin_scriptorium, david_lair_generic,
          enter_bailey_2, minmay_pinched_square
Temple:   ebering_the_one_and_only

Skill      XL: |  1  2  3  4  5  6  7  8  9 10 |
---------------+-------------------------------+-----
Spellcasting   | 3 4 5 7 8 9 10 | 10.0
Fighting       | 3 6 8 |  8.7
Dodging        | |  2.1
Stealth        | |  1.5

Action                     |  1- 3 |  4- 6 |  7- 9 | 10-12 || total
---------------------------+-------+-------+-------+-------++-------
  Melee: Unarmed           |     3 |       |       |       ||     3
         Whip              |    14 |    19 |     7 |       ||    40
   Cast: Foxfire           |    34 |    58 |    95 |    35 ||   222
         Scorch            |       |    11 |    48 |    15 ||    74
         Inner Flame       |       |       |    29 |    19 ||    48
         Ensorcelled Hiber |       |       |       |     1 ||     1
    Use: Potion            |       |     2 |     6 |     3 ||    11
         Scroll            |       |       |     2 |     3 ||     5
   Stab: Sleeping          |     1 |       |     1 |       ||     2
 Armour: Robe              |     3 |     5 |       |       ||     8
         Steam dragon scal |       |       |    30 |     1 ||    31
  Dodge: Dodged            |    19 |    14 |    32 |     9 ||    74

Table legend: (Time is in decaauts)
 A = Elapsed time spent in this place.
 B = Non-inter-level travel time spent in this place.
 C = Inter-level travel time spent in this place.
 D = Time resting spent in this place.
 E = Time spent auto-exploring this place.
 F = Levels seen in this place.
 G = Mean time per level.
                   A        B        C        D        E       F      G
               +--------+--------+--------+--------+--------+-----+--------+
         Total |   8517 |   8057 |    460 |    201 |   6791 |  10 |  851.7 |
       Dungeon |   8507 |   8049 |    458 |    201 |   6791 |   9 |  945.2 |
        Temple |      9 |      7 |      2 |      0 |      0 |   1 |    9.0 |
               +--------+--------+--------+--------+--------+-----+--------+

Top non-repeatable levels by time:
     D:9: 1217 daAuts
     D:8: 1060 daAuts
     D:7: 1040 daAuts
     D:4: 1017 daAuts
     D:5: 986 daAuts
     D:3: 883 daAuts
     D:1: 859 daAuts
     D:6: 797 daAuts
     D:2: 645 daAuts
  Temple: 9 daAuts
